AoeStats
← AxingQuestions

QS Arena

503298686Analyzed
4v4 RM · 1mo ago on Aug 31, 2026· 60m 38s· 8 players
Game mode
Random Map
Map size
Large (8 player)
Population
200
Speed
Normal
Resources
Standard
Victory
Conquest
Starting age
Dark Age
Ending age
Imperial Age
RankedLock teamsTeams togetherTeam positionsShared explorationLock speedFull tech treeHidden civsTurbo modeCheats
Victory
Defeat
1144
+16
🇦🇷 Persians · Argentina
1091
+18
🇺🇸 Khmer · United States
1090
+18
🇧🇷 Britons · Brazil
1078
+19
🇺🇸 Franks · United States
1184
-20
🇺🇸 Byzantines · United States
1145
-18
🇺🇸 Vietnamese · United States
1133
-18
🇺🇸 Spanish · United States
1107
-16
OuterLemming867
8:31 Feudal Age
12:26 Castle Age
14:16 Double-Bit Axe
17:11 Bow Saw
17:29 Loom
18:20 Wheelbarrow
17:35 Horse Collar
19:42 Heavy Plow
20:03 Hand Cart
20:22 Town Watch
26:31 Imperial Age
24:38 Scale Barding Armor
24:43 Forging
25:05 Stone Mining
25:10 Gold Mining
25:39 Bloodlines
27:25 Husbandry
28:03 Chain Barding Armor
28:52 Iron Casting
30:38 Plate Barding Armor
31:27 Siege Engineers
31:07 Treadmill Crane
31:33 Siege Engineers
31:56 Elite Battle Elephant
33:22 Crop Rotation
41:27 Chemistry
47:16 Caravan
50:40 Fletching
52:52 Bodkin Arrow
54:55 Two-Man Saw
54:18 Paper Money
53:49 Pikeman
54:36 Scale Mail Armor
57:07 Halberdier
59:27 Chain Mail Armor
AxingQuestions
8:15 Feudal Age
9:11 Loom
12:05 Castle Age
10:04 Double-Bit Axe
14:10 Bow Saw
17:27 Loom
20:11 Wheelbarrow
20:12 Husbandry
20:28 Scale Barding Armor
22:12 Hand Cart
22:25 Forging
23:24 Gold Mining
24:33 Squires
25:39 Gold Shaft Mining
25:35 Chain Barding Armor
26:29 Fortified Wall
25:50 Pikeman
26:37 Fletching
30:19 Imperial Age
27:49 Bodkin Arrow
33:15 Imperial Age
32:01 Iron Casting
31:28 Scale Mail Armor
35:44 Imperial Age
35:40 Town Watch
37:30 Cavalier
39:27 Blast Furnace
44:21 Stone Mining
45:34 Chain Mail Armor
47:27 Paladin
48:11 Halberdier
50:49 Masonry
51:56 Plate Mail Armor
54:46 Onager
Wired14
8:40 Feudal Age
6:57 Loom
14:54 Castle Age
15:41 Fletching
19:13 Double-Bit Axe
23:23 Horse Collar
32:01 Padded Archer Armor
34:39 Wheelbarrow
33:50 Town Watch
40:12 Imperial Age
37:10 Elite Skirmisher
37:43 Fletching
39:16 Bloodlines
39:07 Husbandry
39:13 Bodkin Arrow
40:15 Gold Mining
40:36 Heavy Plow
41:16 Bow Saw
41:45 Leather Archer Armor
42:42 Ballistics
43:22 Chemistry
43:26 Caravan
44:23 Bracer
44:57 Ring Archer Armor
45:36 Two-Man Saw
45:11 Scale Barding Armor
45:17 Forging
45:25 Light Cavalry
46:51 Thumb Ring
47:41 Chain Barding Armor
47:35 Forging
48:15 Stone Mining
47:59 Cavalier
48:01 Hussar
48:57 Capped Ram
49:20 Imperial Skirmisher
55:53 Conscription
58:17 Plate Barding Armor
58:17 Iron Casting
58:17 Scale Mail Armor
gloorfindel
10:12 Feudal Age
8:27 Loom
14:14 Castle Age
15:15 Double-Bit Axe
19:15 Scale Barding Armor
20:52 Bow Saw
23:26 Horse Collar
24:17 Heavy Plow
25:38 Fletching
26:09 Chain Barding Armor
29:54 Imperial Age
27:02 Pikeman
28:52 Scale Mail Armor
29:51 Squires
30:13 Chain Barding Armor
30:04 Forging
30:36 Cavalier
33:10 Halberdier
36:09 Plate Barding Armor
36:35 Chain Mail Armor
36:56 Iron Casting
38:44 Plate Mail Armor
39:13 Bodkin Arrow
39:20 Light Cavalry
40:01 Husbandry
44:38 Bracer
44:38 Padded Archer Armor
45:43 Crossbowman
46:29 Thumb Ring
47:04 Ballistics
47:45 Chemistry
46:20 Arbalester
46:26 Elite Skirmisher
47:26 Leather Archer Armor
46:37 Hussar
49:01 Imperial Skirmisher
53:29 Ring Archer Armor
abov3n
8:29 Feudal Age
13:13 Castle Age
12:34 Double-Bit Axe
16:31 Loom
17:08 Bow Saw
23:53 Fletching
24:39 Elite Skirmisher
25:58 Horse Collar
28:05 Wheelbarrow
28:11 Ballistics
28:40 Bodkin Arrow
29:19 Heavy Plow
33:05 Imperial Age
31:34 Hand Cart
31:05 Town Watch
31:56 Yeomen
32:51 Padded Archer Armor
32:50 Gold Mining
33:26 Elite Longbowman
35:59 Chemistry
35:18 Leather Archer Armor
35:47 Gold Shaft Mining
35:53 Bracer
36:05 Pikeman
39:10 Ring Archer Armor
39:08 Town Patrol
38:40 Halberdier
39:42 Forging
39:33 Scale Mail Armor
40:52 Squires
40:37 Arson
41:29 Iron Casting
42:16 Chain Mail Armor
41:44 Treadmill Crane
43:35 Two-Man Saw
44:32 Conscription
45:38 Blast Furnace
45:10 Plate Mail Armor
53:50 Warwolf
CheLoco3552
8:52 Feudal Age
12:54 Castle Age
11:17 Double-Bit Axe
12:47 Loom
15:22 Bow Saw
17:06 Gold Mining
21:27 Horse Collar
26:30 Imperial Age
30:55 Heavy Plow
31:31 Wheelbarrow
33:17 Block Printing
34:46 Theocracy
34:34 Block Printing
34:38 Scale Barding Armor
34:44 Forging
39:45 Iron Casting
39:10 Scale Mail Armor
39:39 Pikeman
40:52 Squires
46:12 Halberdier
49:00 Chain Mail Armor
52:11 Blast Furnace
51:43 Plate Mail Armor
53:44 Caravan
55:05 Halberdier
57:29 Arson
59:34 Conscription
ሰላምنعمة˙ʞɐɥʇ
4:24 Loom
6:38 Feudal Age
10:09 Fletching
11:12 Double-Bit Axe
20:21 Castle Age
18:46 Horse Collar
21:54 Heavy Plow
22:06 Bow Saw
24:36 Bodkin Arrow
27:08 Fortified Wall
27:05 Gold Mining
27:06 Stone Mining
27:50 Masonry
31:29 Imperial Age
30:58 Wheelbarrow
30:11 Town Watch
32:37 Crenellations
33:20 Chemistry
33:32 Hand Cart
33:13 Pikeman
33:54 Squires
36:35 Scale Mail Armor
36:31 Bodkin Arrow
40:14 Chain Mail Armor
40:10 Forging
40:11 Halberdier
47:15 Man-at-Arms
47:41 Gambesons
50:02 Plate Mail Armor
50:08 Iron Casting
49:43 Long Swordsman
50:47 Two-Handed Swordsman
52:08 Champion
53:06 Capped Ram
55:10 Siege Engineers
Uncertainty
8:22 Feudal Age
11:58 Castle Age
10:15 Double-Bit Axe
10:53 Horse Collar
14:29 Bow Saw
14:51 Heavy Plow
14:39 Town Watch
14:40 Loom
18:48 Husbandry
19:50 Bloodlines
22:24 Scale Barding Armor
22:30 Forging
22:10 Fletching
24:01 Chain Barding Armor
25:43 Iron Casting
31:24 Wheelbarrow
31:56 Tusk Swords
34:48 Imperial Age
33:21 Light Cavalry
35:38 Hand Cart
35:24 Town Patrol
35:21 Cavalier
35:30 Elite Battle Elephant
37:22 Plate Barding Armor
37:48 Blast Furnace
37:01 Bodkin Arrow
36:45 Hussar
42:51 Conscription
43:20 Double Crossbow
50:57 Crop Rotation
50:06 Elite Ballista Elephant
50:50 Padded Archer Armor
51:13 Bracer
55:30 Chemistry
54:55 Ballistics
54:34 Murder Holes
56:16 Hoardings
55:20 Capped Ram
56:31 Siege Ram
Connection lost

Rejoining the realm…

Still unreachable

The connection could not be restored.

Session expired

The server has moved on; the page needs a fresh start.